 Dungeon Crawl Stone Soup version 0.26.1-2-gb8aa6d0cf2 (webtiles) character file.

Game seed: 6019411979182404087

5149 Gadfly the Slicer (level 10, -5/68 HPs)
             Began as a Halfling Fighter on Feb 14, 2021.
             Was an Elder of Okawaru.
             Shot with a bolt by an orc warrior (6 damage)
             ... on level 9 of the Dungeon.
             The game lasted 00:18:24 (8928 turns).

Gadfly the Slicer (Halfling Fighter)                Turns: 8928, Time: 00:18:25

Health: -5/68      AC: 17    Str: 31    XL:     10   Next: 89%
Magic:  14/14      EV: 11    Int:  6    God:    Okawaru [****..]
Gold:   151        SH:  7    Dex: 15    Spells: 9/9 levels left

rFire    . . .     SeeInvis .   b - +1 short sword (elec)
rCold    . . .     Faith    +   j - +1 buckler
rNeg     . . .     Spirit   .   P - +2 chain mail of the Raven {Str+5}
rPois    +         Reflect  .   F - +2 hat
rElec    .         Harm     .   g - +2 cloak
rCorr    .         Rampage  .   (no gloves)
Will     .....                  (no boots)
Stlth    ..........             n - amulet of faith
HPRegen  0.21/turn              J - ring of poison resistance
MPRegen  0.14/turn              t - +6 ring of strength

@: no status effects
A: small, mutation resistance 1
a: Renounce Religion, Heroism


You were on level 9 of the Dungeon.
You worshipped Okawaru.
Okawaru was greatly pleased with you.
You visited 2 branches of the dungeon, and saw 10 of its levels.
You also visited: Sewer and Bailey.

You collected 600 gold pieces.
You spent 449 gold pieces at shops.

Inventory:

Hand Weapons
 a - a +0 rapier
 b - a +1 short sword of electrocution (weapon)
 i - a +1 short sword of protection
 D - a +0 dagger of venom
 E - a +0 dagger of draining
Missiles
 e - 125 sling bullets
 f - 345 stones (quivered)
Armour
 c - a +0 kite shield
 g - a +2 cloak (worn)
 j - a +1 buckler (worn)
 y - the +0 chain mail of Henotheism {Regen+ rCorr Str-3}
   (You found it on level 4 of the Dungeon)

   It affects your strength (-3).
   It increases your rate of regeneration.
   It provides partial protection from all sources of acid and corrosion.
 F - a +2 hat (worn)
 O - a scarf of resistance
 P - the +2 chain mail of the Raven (worn) {Str+5}
   (You bought it in a shop on level 8 of the Dungeon)

   It affects your strength (+5).
Jewellery
 l - an uncursed ring of fire
 n - an amulet of faith (around neck)
 s - an uncursed ring of protection from fire
 t - a +6 ring of strength (right hand)
 A - an uncursed amulet of guardian spirit
 H - an uncursed ring of positive energy
 J - a ring of poison resistance (left hand)
Wands
 d - a wand of digging (4)
 r - a wand of iceblast (5)
 C - a wand of flame (10)
 K - a wand of random effects (10)
 M - a wand of paralysis (10)
Scrolls
 h - 4 scrolls of blinking
 q - 4 scrolls of teleportation
 w - a scroll of fog
 x - a scroll of fear
 G - 2 scrolls of magic mapping
 L - a scroll of identify
 N - 3 scrolls of remove curse
Potions
 k - a potion of heal wounds
 m - 3 potions of attraction
 o - a potion of might
 p - 12 potions of curing
 u - a potion of mutation
 v - 2 potions of cancellation
 B - a potion of lignification
 I - a potion of ambrosia


   Skills:
 * Level 5.7 Fighting
 * Level 8.7 Short Blades
 + Level 7.5 Slings
 + Level 6.2 Armour
 + Level 6.3 Shields
 + Level 6.5 Invocations
 + Level 6.3 Evocations


You had 9 spell levels left.
You didn't know any spells.
Your spell library contained the following spells:

 Spells                   Type           Power        Failure   Level
 Animate Skeleton         Necr           0%           91%         1
 Apportation              Tloc           0%           91%         1
 Beastly Appendage        Tmut           0%           91%         1
 Corona                   Hex            0%           91%         1
 Foxfire                  Conj/Fire      0%           91%         1
 Freeze                   Ice            0%           91%         1
 Pain                     Necr           0%           91%         1
 Summon Small Mammal      Summ           0%           91%         1
 Wereblood                Tmut           0%           97%         2
 Confusing Touch          Hex            0%           100%        3
 Conjure Flame            Conj/Fire      0%           100%        3
 Frozen Ramparts          Ice            0%           100%        3
 Gell's Gravitas          Tloc           0%           100%        3
 Inner Flame              Hex/Fire       0%           100%        3
 Ozocubu's Armour         Ice            0%           100%        3
 Spider Form              Tmut/Pois      0%           100%        3
 Vampiric Draining        Necr           0%           100%        3
 Animate Dead             Necr           0%           100%        4
 Hailstorm                Conj/Ice       0%           100%        4
 Ice Form                 Ice/Tmut       0%           100%        4
 Petrify                  Tmut/Erth      0%           100%        4
 Sticky Flame             Conj/Fire      0%           100%        4
 Summon Ice Beast         Ice/Summ       0%           100%        4
 Agony                    Necr           0%           100%        5
 Blade Hands              Tmut           0%           100%        5
 Fireball                 Conj/Fire      0%           100%        5
 Metabolic Englaciation   Hex/Ice        0%           100%        5
 Yara's Violent Unravell  Hex/Tmut       0%           100%        5


Dungeon Overview and Level Annotations

Branches:
Dungeon (9/15)             Temple (1/1) D:6           Sewer (visited)
 Bailey (visited)
   Lair: D:8-11         Orc: D:9-12

Altars:
Ashenzari
Cheibriados
Dithmenos
Elyvilon
Fedhas
Gozag
Hepliaklqana
Kikubaaqudgha
Makhleb
Nemelex Xobeh
Okawaru
Qazlal
Ru
Sif Muna
Trog
Uskayaw
Vehumet
Wu Jian
Xom
Yredelemnul
Zin
The Shining One

Shops:
D:4 ?   D:8 [}:


Innate Abilities, Weirdness & Mutations

You are small and have problems with some larger weapons.
You are somewhat resistant to further mutation.


Message History

The bolt hits you!
* * * LOW HITPOINT WARNING * * *
The orc knight roars a battlecry!
There is a gate leading back out of this place, spattered with blood here.
You see here 2 bolts.
You feel much better.
The orc warrior unwields a +0 arbalest.
The orc warrior hits you!!
* * * LOW HITPOINT WARNING * * *
You block the orc knight's attack.
Welcome back to the Dungeon!
There is an empty arch of ancient stone here.
Unknown command.
Okay, then.
Okay, then.
Blink to where?
Press: ? - help, Dir - move target
As you read the scroll of blinking, it crumbles to dust.
The orc warrior wields a +0 arbalest.
The orc warrior shoots a bolt.
The bolt hits you.
You die...

### **** #@###**,,## *****
###.#.(*###.##
*,,,*###...#.##.....#
**,,*.......8......##
**,,,,#...8.....8..#.#* ***
***,*,,*..............#,***,*
**,*,,*,,..............##,*,**
*,,>,,,,...8....§o...8..#.,,***
*,*,**,.............$.....,,**,


You could see an orc warrior (strong).

Vanquished Creatures
  A deep elf mage (D:8)
  A troll (D:8)
  Prince Ribbit (D:8)
  Menkaure (D:7)
  A water moccasin (D:7)
  7 orc warriors
  A sky beast (D:7)
  Purgy (Sewer)
  An ice beast (D:5)
  2 necrophages
  A phantom (D:5)
  3 ogres
  4 centaurs
  A big kobold (D:8)
  2 bullfrogs
  A gnoll sergeant (D:9)
  4 scorpions
  3 killer bees (D:9)
  14 wights
  2 bullfrog zombies
  A centaur zombie (D:8)
  4 orc priests
  2 hounds
  A jelly (D:6)
  A bullfrog skeleton (D:9)
  9 orc wizards
  Jessica (D:3)
  2 centaur skeletons
  4 iguanas
  5 worker ants
  2 hound skeletons
  8 adders
  6 gnolls
  A shadow imp (D:7)
  6 white imps
  3 ufetubi
  2 oozes
  An adder skeleton (D:8)
  An adder zombie (D:8)
  3 worms
  2 dart slugs
  6 leopard geckos
  38 orcs
  5 bats
  7 giant cockroaches
  8 goblins
  11 hobgoblins
  9 jackals
  13 kobolds
  7 quokkas
  3 ball pythons
  2 frilled lizards
  A quokka zombie (D:4)
  13 rats
240 creatures vanquished.

Vanquished Creatures (others)
  A quasit (D:8)
1 creature vanquished.

Grand Total: 241 creatures vanquished

Notes
Turn   | Place    | Note
-------+----------+-------------------------------------------
     0 | D:1      | Gadfly the Halfling Fighter began the quest for the Orb.
     0 | D:1      | Reached XP level 1. HP: 15/15 MP: 1/1
   158 | D:1      | Reached XP level 2. HP: 16/20 MP: 2/2
   201 | D:1      | Reached skill level 1 in Invocations
   201 | D:1      | Reached XP level 3. HP: 6/25 MP: 3/3
   533 | D:1      | Reached skill level 1 in Slings
   637 | D:1      | Reached skill level 1 in Evocations
   954 | D:1      | Reached skill level 3 in Short Blades
  1095 | D:1      | Reached XP level 4. HP: 30/30 MP: 5/5
  1757 | D:2      | Found a snail-covered altar of Cheibriados.
  1792 | D:2      | Found a shimmering blue altar of Sif Muna.
  1851 | D:2      | Reached XP level 5. HP: 36/36 MP: 6/6
  2561 | D:3      | Reached XP level 6. HP: 42/42 MP: 7/7
  2703 | D:3      | Found a glowing drain.
  2718 | Sewer    | Entered a sewer
  2784 | Sewer    | Noticed Purgy
  2791 | Sewer    | Killed Purgy
  2792 | Sewer    | Reached skill level 4 in Short Blades
  2989 | D:3      | Noticed Jessica
  2996 | D:3      | Killed Jessica
  3063 | D:3      | Found a faded altar of an unknown god.
  3257 | D:3      | Found a radiant altar of Vehumet.
  3350 | D:3      | Reached XP level 7. HP: 46/46 MP: 9/9
  3832 | D:4      | Got a warped chain mail
  3843 | D:4      | Identified the cursed +0 chain mail of Henotheism {Regen+
                  | rCorr Str-3} (You found it on level 4 of the Dungeon)
  3871 | D:4      | Found an opulent altar of Gozag.
  4033 | D:4      | Found Kyink's Magic Scroll Shoppe.
  4125 | D:4      | Bought a scroll of fear for 35 gold pieces
  4125 | D:4      | Bought a scroll of remove curse for 30 gold pieces
  4311 | D:5      | Entered Level 5 of the Dungeon
  4588 | D:5      | Found a basalt altar of Yredelemnul.
  4648 | D:5      | Reached skill level 5 in Short Blades
  4648 | D:5      | Reached XP level 8. HP: 42/52 MP: 10/10
  4786 | D:5      | Found a hide-covered altar of Uskayaw.
  4824 | D:5      | Found a shadowy altar of Dithmenos.
  5293 | D:6      | Found a staircase to the Ecumenical Temple.
  5307 | Temple   | Entered the Ecumenical Temple
  5449 | Temple   | Became a worshipper of Warmaster Okawaru
  5650 | D:6      | Found a shimmering altar of Xom.
  5820 | D:6      | Found an ancient bone altar of Kikubaaqudgha.
  6073 | D:7      | Reached skill level 5 in Slings
  6115 | D:7      | Reached skill level 6 in Short Blades
  6115 | D:7      | Reached XP level 9. HP: 58/58 MP: 12/12
  6123 | D:7      | Reached skill level 5 in Invocations
  6159 | D:7      | Reached * piety under Okawaru
  6183 | D:7      | Reached skill level 5 in Shields
  6249 | D:7      | Noticed Menkaure
  6273 | D:7      | Killed Menkaure
  6274 | D:7      | Reached skill level 5 in Armour
  6387 | D:7      | Reached skill level 5 in Evocations
  6604 | D:7      | Reached ** piety under Okawaru
  6809 | D:8      | Found a hide-covered altar of Uskayaw.
  6873 | D:8      | Reached skill level 7 in Short Blades
  6878 | D:8      | Found a shadowy altar of Dithmenos.
  7364 | D:8      | Reached XP level 10. HP: 63/65 MP: 14/14
  7612 | D:8      | Noticed a deep elf mage
  7619 | D:8      | Killed a deep elf mage
  7619 | D:8      | Reached *** piety under Okawaru
  7620 | D:8      | Reached skill level 5 in Fighting
  7658 | D:8      | Reached skill level 8 in Short Blades
  7812 | D:8      | Found Aput's Armour Emporium.
  7819 | D:8      | Found Fuloekey's Gadget Shop.
  7849 | D:8      | Found Xytone Tuig's Book Shoppe.
  7849 | D:8      | Noticed Prince Ribbit
  7881 | D:8      | Killed Prince Ribbit
  8166 | D:8      | Bought the +2 chain mail of the Raven {Str+5} for 384 gold
                  | pieces
  8407 | D:9      | Received a gift from Okawaru
  8770 | D:9      | Found a flagged portal.
  8780 | Bailey   | Entered a bailey
  8781 | Bailey   | Noticed an orc knight
  8799 | Bailey   | Reached **** piety under Okawaru
  8909 | Bailey   | Noticed an orc knight
  8924 | Bailey   | HP: 2/68 [orc warrior/bolt (10)]
  8928 | D:9      | Shot with a bolt by an orc warrior

Illustrated notes

Levels and vault maps discovered:
D:1:      lightli_arrival_boilingwater, layout_basic
D:2:      layout_basic, general_overflow_altar, old_standard_altar
D:3:      layout_basic, nicolae_overflow_crystal_walls, portal_sewer_entry_d,
          chequers_ecumenical_altar_twisty, wad_floor_pattern_2,
          kennysheep_jessica_study
D:4:      layout_gridville, lemuel_doored_altar, serial_shops,
          nicolae_shop_stone
D:5:      layout_loops_ring, eat_drink_and_be_merry_uskayaw,
          yredelemnul_altar_generic, grunt_dithmenos_smoke_and_mirrors
D:6:      layout_rooms, kennysheep_little_box, nicolae_overflow_hidden_temple,
          minmay_temple_entry_trees
D:7:      layout_gridville, corexii_checkpoint_a, uniq_menkaure
D:8:      minmay_slanted_spiral_squares, layout_loops_ring, lemuel_round_altar,
          basic_altar, serial_shops, nicolae_shop_trees, shop, shop,
          uniq_prince_ribbit1
D:9:      layout_big_octagon, enter_bailey_6,
          lemuel_mausoleum_altar_kikubaaqudgha
Temple:   nicolae_temple_figure_eight

Skill      XL: |  1  2  3  4  5  6  7  8  9 10 |
---------------+-------------------------------+-----
Invocations    | 1 2 3 4 5 6 |  6.5
Slings         | 1 2 3 5 6 7 |  7.5
Evocations     | 1 2 3 4 5 6 |  6.3
Short Blades   | 3 4 5 6 7 8 |  8.7
Fighting       | 3 4 5 |  5.7
Armour         | 4 5 6 |  6.2
Shields        | 4 5 6 |  6.3

Action                   |  1- 3 |  4- 6 |  7- 9 | 10-12 || total
-------------------------+-------+-------+-------+-------++-------
Melee: Rapier            |    97 |       |    19 |       ||   116
       Short sword       |    15 |   171 |   429 |   218 ||   833
Invok: Heroism           |       |       |     1 |     1 ||     2
Evoke: Wand              |       |       |     1 |    11 ||    12
  Use: Potion            |     1 |     3 |     2 |     2 ||     8
       Scroll            |       |     6 |    10 |     4 ||    20
 Stab: Invisible         |       |     2 |       |       ||     2
Armor: Scale mail        |    45 |    13 |       |       ||    58
       Chain mail        |       |    58 |   133 |    83 ||   274
Dodge: Dodged            |    56 |    49 |   124 |   113 ||   342
Block: Kite shield       |    67 |    45 |       |       ||   112
       Buckler           |       |    15 |   109 |    82 ||   206
